 Dungeon Crawl Stone Soup version 0.24.0-13-gcf9b319 (webtiles) character file.

Game seed: 4644561183914222811, levelgen mode: deterministic

149 420StarChild the Poker (level 5, 0/32 HPs)
             Began as a Tengu Monk on Mar 5, 2020.
             Succumbed to a kobold's poison
             ... on level 3 of the Dungeon.
             The game lasted 00:03:32 (2974 turns).

420StarChild the Poker (Tengu Monk)                 Turns: 2974, Time: 00:03:32

Health: 0/32       AC:  9    Str: 12    XL:     5   Next: 31%
Magic:  6/6        EV: 16    Int: 10    God:
Gold:   52         SH:  0    Dex: 17    Spells: 4/4 levels left

rFire    . . .     SeeInvis .   l - +2 quarterstaff (protect)
rCold    . . .     Gourm    .   (shield currently unavailable)
rNeg     . . .     Faith    .   b - +0 robe
rPois    .         Spirit   .   (helmet restricted)
rElec    .         Reflect  .   (no cloak)
rCorr    .         Harm     .   (no gloves)
MR       .....                  (boots unavailable)
Stlth    ++........             (no amulet)
HPRegen  0.10/turn              (no ring)
MPRegen  0.10/turn              (no ring)

@: lethally poisoned (0 -> -11), protection aura, flying quickly and evasively,
very slightly contaminated, invisible, quick
A: beak, talons 3, blink, blurry vision 1, no potion heal 1, able to fly
a: Fly, Blink


You were on level 3 of the Dungeon.
You were not hungry.

You visited 1 branch of the dungeon, and saw 3 of its levels.

You collected 52 gold pieces.

Inventory:

Hand Weapons
 a - a +0 spear
 l - a +2 quarterstaff of protection (weapon)
Armour
 b - a +0 robe (worn)
 h - a +0 shield
Scrolls
 d - 2 scrolls of identify {unknown}
 e - 4 scrolls of remove curse
 g - a scroll of teleportation {unknown}
 j - a scroll of enchant weapon {unknown}
 m - a scroll of amnesia {unknown}
 n - a scroll of noise {unknown}
Comestibles
 c - 7 rations


   Skills:
 - Level 3.0 Fighting
 + Level 6.4 Polearms
 - Level 3.2 Dodging
 - Level 2.0 Stealth


You had 4 spell levels left.
You didn't know any spells.
Your spell library was empty.

Dungeon Overview and Level Annotations

Branches:
Dungeon (3/15)

Altars:


Innate Abilities, Weirdness & Mutations

You have a beak for a mouth.
You have claws for feet.
You can fly continuously.
You can translocate small distances at will.
Scrolls take you a little longer to read.
Potions are less effective at restoring your health.


Message History

* * * LOW HITPOINT WARNING * * *
It was a potion of mutation.
You feel extremely strange.
Your vision blurs.
Your system partially rejects the healing effects of potions.
You feel jittery.
* * * LOW HITPOINT WARNING * * *
You feel sick. The orc hits you but does no damage.
It was a potion of invisibility.
You fade into invisibility!
* * * LOW HITPOINT WARNING * * *
You feel sick. The orc hits you with a +0 hand axe.
* * * LOW HITPOINT WARNING * * *
The kobold throws a poisoned dart.
The poisoned dart hits the orc!
The orc is poisoned.
You are very lightly contaminated with residual magic.
You hit the orc.
Your weapon exudes an aura of protection.
You claw the orc. You peck the orc.
The orc is severely wounded.
You die...

#..# #.# #..## #..#
#.####.... #..#
#.........
###..####..###....
#.................
#.#..####......... #
#.#..# ######.... #.
#.#..# #.... #.
#@#..##### #..#.
#.#####o#.......####..#.
#......K...............#
#..####.###........##.##
#..K....# ........#.##
#...#.### ..........#
#...#.# ........#.##
#...#.# ........##.##
#...#.# #.......###.#


You could see an orc and a kobold.

Vanquished Creatures
  A hound skeleton (D:3)
  4 gnolls (D:3)
  3 adders
  An ooze (D:3)
  3 worms
  A leopard gecko (D:1)
  An orc (D:3)
  2 giant cockroaches (D:3)
  10 goblins
  4 hobgoblins
  4 jackals (D:1)
  A quokka (D:3)
  6 bats
  5 frilled lizards
  5 kobolds
  10 rats
61 creatures vanquished.

Notes
Turn   | Place    | Note
-------+----------+-------------------------------------------
     0 | D:1      | 420StarChild the Tengu Monk began the quest for the Orb.
     0 | D:1      | Reached XP level 1. HP: 14/14 MP: 2/2
    74 | D:1      | Reached XP level 2. HP: 12/19 MP: 3/3
    78 | D:1      | Reached skill level 4 in Polearms
   799 | D:1      | Reached XP level 3. HP: 23/23 MP: 4/4
  1754 | D:2      | Reached skill level 5 in Polearms
  2221 | D:3      | Reached XP level 4. HP: 20/28 MP: 5/5
  2388 | D:3      | Found a faded altar of an unknown god.
  2586 | D:3      | Reached skill level 6 in Polearms
  2591 | D:3      | Gained mutation: You can fly continuously. [Tengu growth]
  2591 | D:3      | Reached XP level 5. HP: 19/32 MP: 6/6
  2972 | D:3      | Gained mutation: Scrolls take you a little longer to read.
                  | [potion of mutation]
  2972 | D:3      | Gained mutation: Potions are less effective at restoring
                  | your health. [potion of mutation]
  2972 | D:3      | Gained mutation: You can translocate small distances at
                  | will. [potion of mutation]
  2973 | D:3      | HP: 1/32 [orc/+0 hand axe (3)]
  2974 | D:3      | Succumbed to a kobold's poison

Levels and vault maps discovered:
D:1:      minmay_arrival_semitransparent, layout_loops_cross,
          grunt_decor_mini_mirrors
D:2:      layout_loops_corners, st_stairs_6
D:3:      layout_loops_ring, first_ration, chequers_ecumenical_altar_simple

Skill      XL: |  1  2  3  4 |
---------------+-------------+-----
Polearms       | 4 5 6 |  6.4
Fighting       | |  3.0
Dodging        | |  3.2
Stealth        | |  2.0

Action                   |  1- 3 |  4- 6 || total
-------------------------+-------+-------++-------
Melee: Spear             |   103 |    12 ||   115
       Peck              |    13 |     5 ||    18
       Kick              |    14 |    10 ||    24
       Quarterstaff      |       |    43 ||    43
  Use: Scroll            |     1 |       ||     1
       Potion            |       |     3 ||     3
 Stab: Sleeping          |     9 |     3 ||    12
       Distracted        |       |     1 ||     1
  Eat: Chunk             |     3 |     3 ||     6
Armor: Robe              |     9 |     9 ||    18
Dodge: Dodged            |    30 |    27 ||    57
Block: Shield            |     7 |     4 ||    11
